 Dungeon Crawl Stone Soup version 0.30.1-9-gdf580d7c3d (webtiles) character file.

Game seed: 5541487073216222672

4093 Nonny the Grappler (level 10, -2/98 HPs)
             Began as a Troll Cinder Acolyte on Oct 24, 2023.
             Was a High Priest of Ignis.
             Slain by a gargoyle
             ... wielding a +0 mace
              (13 damage)
             ... in a bailey.
             The game lasted 00:18:35 (5957 turns).

Nonny the Grappler (Troll Cinder Acolyte)           Turns: 5957, Time: 00:18:36

Health: -2/98      AC:  6    Str: 26    XL:     10   Next: 5%
Magic:  10/10      EV:  9    Int: 10    God:    Ignis [*****.]
Gold:   273        SH:  0    Dex:  7    Spells: 9/11 levels left

rFire   + .          .
                       - Unarmed
rCold   . . .        n - orb {*Rage}
rNeg    . . .        a - +0 robe
rPois   .            (helmet restricted)
rElec   .            (no cloak)
rCorr   .            (gloves unavailable)
SInv    .            (boots unavailable)
Will    .....        (no amulet)
Stlth   +            (no ring)
HPRegen 1.16/turn    (no ring)
MPRegen 0.12/turn

%: random rage (20%)
@: no status effects
A: large, unfitting armour, claws 3, regeneration 1, shaggy fur 1, tough skin 1,
horns 1, iridescent scales 1
a: Renounce Religion, Fiery Armour, Foxfire Swarm, Rising Flame


You were in a bailey.
You worshipped Ignis.
Ignis was extremely pleased with you.
You visited 2 branches of the dungeon, and saw 8 of its levels.
You also visited: Bailey.

You collected 372 gold pieces.
You spent 99 gold pieces at shops.

Inventory:

Missiles
 b - 3 throwing nets (quivered)
 h - 29 poisoned darts
 l - 2 boomerangs
Armour
 a - a +0 robe (worn)
 n - an orb of wrath (worn)
Scrolls
 c - 2 scrolls of fear {unknown}
 d - 2 scrolls of teleportation
 e - 3 scrolls of poison {unknown}
 f - a scroll of magic mapping {unknown}
 g - 3 scrolls of vulnerability {unknown}
 j - a scroll of fog {unknown}
 m - a scroll of immolation {unknown}
 o - a scroll of enchant weapon {unknown}
 r - a scroll of torment {unknown}
 s - a scroll of silence {unknown}
Potions
 i - 3 potions of curing
 k - 2 potions of brilliance
 p - a potion of mutation


   Skills:
 + Level 5.7 Fighting
 + Level 1.8 Stealth
 + Level 13.0 Unarmed Combat
 - Level 1.0 Spellcasting
 - Level 2.1 Fire Magic


You had 9 spell levels left.
You knew the following spells:

 Your Spells              Type           Power      Damage    Failure   Level
a - Scorch                Fire           8%         2d5       22%         2

Your spell library contained the following spells:

 Spells                   Type           Power      Damage    Failure   Level
 Magic Dart               Conj           0%         1d3       34%         1
 Shock                    Conj/Air       0%         1d3       34%         1
 Slow                     Hex            0%         N/A       34%         1
 Call Imp                 Summ           0%         N/A       45%         2
 Confusing Touch          Hex            0%         N/A       71%         3
 Mephitic Cloud           Conj/Pois/Air  0%         N/A       71%         3
 Swiftness                Air            0%         N/A       71%         3
 Tukima's Dance           Hex            0%         N/A       71%         3
 Vampiric Draining        Necr           0%         2d6       71%         3
 Airstrike                Air            0%         2d(0-16)  98%         4
 Passage of Golubria      Tloc           0%         N/A       98%         4
 Iskenderun's Battlesphe  Conj           0%         2d6       100%        5
 Yara's Violent Unravell  Hex/Tmut       0%         3d3       100%        5
 Iron Shot                Conj/Erth      0%         9d1       100%        6
 Spellforged Servitor     Conj/Summ      0%         N/A       100%        7


Dungeon Overview and Level Annotations

Branches:
Dungeon (7/15)             Temple (1/1) D:5          Bailey (1/1)

Altars:
Dithmenos
Elyvilon
Gozag
Hepliaklqana
Kikubaaqudgha
Makhleb
Nemelex Xobeh
Okawaru
Qazlal
Sif Muna
Trog
Uskayaw
Vehumet
Wu Jian
Xom
Yredelemnul
The Shining One

Shops:
D:6 *

Annotations:
D:6 2 transporters, Nonny's ghost, novice TeFi


Innate Abilities, Weirdness & Mutations

You are too large for most types of armour.
You have claws for hands.
Your natural rate of healing is unusually fast.
You are covered in fur. (AC +1)
You have tough skin. (AC +1)
You have a pair of small horns on your head.
You are partially covered in iridescent scales. (AC +2)


Message History

The gargoyle hurls a stone arrow at you.
The stone arrow hits you!!
You see here a +0 spear.
You see here a +0 spear.
There is a large open door here.
You close the large door.
Something unseen opens the large door.
There is an open door here.
You close the door.
You start putting on your armour.
You continue putting on your orb of wrath.
Something unseen opens the door.
You continue putting on your orb of wrath. x2
The gargoyle hurls a stone arrow at you.
The stone arrow hits you!!
You continue putting on your orb of wrath.
The gargoyle hits you with a +0 mace!!
You finish putting on your orb of wrath.
You barely miss the gargoyle. You barely miss the gargoyle.
The gargoyle hits you with a +0 mace!
You scratch the gargoyle but do no damage.
Your headbutt misses the gargoyle.
The gargoyle hits you but does no damage.
You mangle the gargoyle!!
The gargoyle is almost destroyed.
The gargoyle hits you with a +0 mace!
* * * LOW HITPOINT WARNING * * *
You closely miss the gargoyle.
The gargoyle is almost destroyed.
You scratch the gargoyle.
You headbutt the gargoyle, but do no damage.
The gargoyle is almost destroyed.
The gargoyle hurls a stone arrow at you.
The stone arrow hits you!
* * * LOW HITPOINT WARNING * * *
Unknown command.
You scratch the gargoyle but do no damage.
The gargoyle is almost destroyed.
The gargoyle hits you with a +0 mace!
You die...

♣♣#'##'#..#.......♣.♣.
#....#..#...........
#....####...#.).....
#....'....####......
#....'...##..##.....
#....#...#....######
#....#...9.)).......
####9#......#.......
#@.#8....##...##++
#.)#######...##
#..#........##
#.[#8..9...8#
#############


You could see a gargoyle.

Vanquished Creatures
  A human (D:7)
  4 hogs (D:7)
  Edmund (D:5)
  3 water moccasins (D:7)
  2 sky beasts (D:7)
  2 orc warriors
  An ogre (D:5)
  2 centaurs
  2 kobold brigands (D:7)
  5 scorpions
  A gnoll sergeant (D:7)
  12 wights
  6 vampire bats (Bailey)
  6 wolf zombies (Bailey)
  A jelly (D:4)
  2 hounds (D:5)
  8 orc priests
  3 orc wizards
  An iguana (D:6)
  8 gnolls
  7 adders
  A shadow imp (D:6)
  A white imp (D:5)
  An ufetubus (D:6)
  2 dart slugs
  16 orcs
  5 bats
  5 endoplasms
  4 giant cockroaches
  10 goblins
  11 hobgoblins
  14 jackals
  19 kobolds
  2 quokkas (D:1)
  6 ball pythons
  4 frilled lizards
  21 orc zombies (Bailey)
  3 rats
203 creatures vanquished.

Notes
Turn   | Place    | Note
-------+----------+-------------------------------------------
     0 | D:1      | Nonny the Troll Cinder Acolyte began the quest for the Orb.
     0 | D:1      | Reached XP level 1. HP: 22/22 MP: 1/1
   143 | D:1      | Reached XP level 2. HP: 29/29 MP: 2/2
   399 | D:1      | Learned a level 2 spell: Scorch
   762 | D:2      | Reached XP level 3. HP: 33/36 MP: 3/3
   842 | D:2      | Reached skill level 4 in Unarmed Combat
   862 | D:2      | Gained mutation: You have a pair of small horns on your
                  | head. [potion of mutation]
   862 | D:2      | Gained mutation: Your body sometimes deteriorates upon
                  | taking damage. [potion of mutation]
  1065 | D:2      | Reached XP level 4. HP: 45/45 MP: 4/4
  1071 | D:2      | Lost mutation: Your body sometimes deteriorates upon taking
                  | damage. [potion of mutation]
  1071 | D:2      | Lost mutation: You have a pair of small horns on your head.
                  | [potion of mutation]
  1071 | D:2      | Gained mutation: You are partially covered in iridescent
                  | scales. (AC +2) [potion of mutation]
  1071 | D:2      | Gained mutation: You have a pair of small horns on your
                  | head. [potion of mutation]
  1598 | D:3      | Reached skill level 5 in Unarmed Combat
  2076 | D:4      | Reached XP level 5. HP: 49/53 MP: 5/5
  2638 | D:4      | Found a hazy altar of Hepliaklqana.
  2641 | D:4      | Found a sparkling altar of Nemelex Xobeh.
  2763 | D:4      | Reached XP level 6. HP: 59/61 MP: 6/6
  2776 | D:4      | Found an ornate altar of the Wu Jian Council.
  2993 | D:4      | Reached skill level 6 in Unarmed Combat
  3204 | D:5      | Entered Level 5 of the Dungeon
  3323 | D:5      | Found a glowing golden altar of the Shining One.
  3629 | D:5      | Reached XP level 7. HP: 68/68 MP: 7/7
  3747 | D:5      | Found a staircase to the Ecumenical Temple.
  3752 | D:5      | Temple entrance: fire chamber
  3756 | Temple   | Entered the Ecumenical Temple
  3790 | Temple   | Temple: view of lightning
  3895 | D:5      | Reached skill level 7 in Unarmed Combat
  4141 | D:6      | Noticed Edmund
  4168 | D:5      | Killed Edmund
  4292 | D:6      | Reached skill level 1 in Stealth
  4303 | D:6      | Reached skill level 8 in Unarmed Combat
  4379 | D:6      | Reached XP level 8. HP: 78/78 MP: 8/8
  4421 | D:6      | Found a transporter.
  4423 | D:6      | Found a transporter.
  4424 | D:6      | Noticed Nonny's ghost (novice TeFi)
  4426 | D:6      | Noticed a hornet
  4588 | D:6      | Found Xiqoam's Assorted Antiques.
  4593 | D:6      | Bought a potion of curing for 99 gold pieces
  4616 | D:6      | Reached skill level 9 in Unarmed Combat
  5049 | D:7      | Found a shimmering altar of Xom.
  5100 | D:7      | Reached skill level 10 in Unarmed Combat
  5165 | D:7      | Found a bloodstained altar of Trog.
  5249 | D:7      | Reached XP level 9. HP: 26/87 MP: 9/9
  5295 | D:7      | Reached skill level 5 in Fighting
  5295 | D:7      | Reached skill level 11 in Unarmed Combat
  5453 | D:7      | Reached skill level 12 in Unarmed Combat
  5506 | D:7      | Found a flagged portal.
  5521 | Bailey   | Entered a bailey
  5860 | Bailey   | Reached XP level 10. HP: 97/97 MP: 10/10
  5865 | Bailey   | Reached skill level 13 in Unarmed Combat
  5902 | Bailey   | Identified the +5 leather armour of Faisk {Str+2}
  5927 | Bailey   | Noticed a gargoyle
  5957 | Bailey   | Slain by a gargoyle

Illustrated notes

#.######....##### #####
#..........##.............°○..
#..#.#.#.#..#...........☼...○.#
#..#.......##..............°°.#
.....#.#.#.##°................#
..†#.......##..........○°.....#
.#.#.#.#.#..#.................##
...#........#.................8##
.#...####...#>..@...............#
...#.# ##..#.................8..
.#.#[# ##(#.................###
...#.# #..#.................#
.#...# #..#........○........#
...### #..#........°........#
#.### ###..#........○°.......#
#.#.. .(..#...........°○....#
#.#.# ###..###################


Turn 3752 on D:5: Temple entrance: fire chamber ##### ####.<.#### ##_......._##
##...........## ##.............## #...............# ##....#######....##
#_..@##.....##..._# ##...##.......##...## #....#...§§.§§.#....#
#....#.§§§.§§§.#....# #_...#.§§§§§§§.#..._# #....#..§§..§§.#....#
#....#§§§§.§§§.#....# ##...##§.§....##...## #_...##§.§§.##..._# Turn 3790 on
Temple: Temple: view of lightning

Levels and vault maps discovered:
D:1:      lemuel_arrival_cross, layout_loops_cross
D:2:      layout_rooms
D:3:      layout_basic
D:4:      layout_loops_corners, pdpol_wu_jian_five_deadly_venoms,
          nicolae_overflow_squiral
D:5:      layout_loops_ring, mainiacjoe_overflow_alcove_2,
          lemuel_temple_firewalk_b, serial_glass, glass_columns_b,
          glass_columns_b, glass_columns_a, glass_columns_c, glass_columns_a,
          glass_columns_b, glass_columns_b, glass_columns_b, glass_columns_a,
          glass_columns_c, item_on_display_a, feat_on_display
D:6:      layout_layer_cave, gammafunk_ghost_hive, serial_shops,
          nicolae_shop_tiny_real_fake_doors, chequers_arboretum, uniq_edmund
D:7:      layout_gridville, amcnicky_altar_gilded, enter_bailey_5,
          grunt_ministairs_15, kennysheep_nondescript, grunt_livestock,
          st_stairs_7, david_defended_altar_orc
Temple:   hellmonk_temple_of_storms
Bailey:   bailey_polearm_vampire_castle_hellmonk, bailey

Skill      XL: |  1  2  3  4  5  6  7  8  9 10 |
---------------+-------------------------------+-----
Unarmed Combat | 4 5 6 8 10 12 13 | 13.0
Fighting       | 3 4 5 |  5.7
Stealth        | 1 |  1.8
Spellcasting   | |  1.0
Fire Magic     | |  2.1

Action                     |  1- 3 |  4- 6 |  7- 9 | 10-12 || total
---------------------------+-------+-------+-------+-------++-------
  Melee: Unarmed           |    72 |   177 |   288 |    28 ||   565
         Headbutt          |     1 |    14 |    24 |     2 ||    41
         Punch             |     1 |     1 |       |       ||     2
    Use: Potion            |     3 |     2 |     6 |       ||    11
         Scroll            |       |     2 |       |       ||     2
   Stab: Sleeping          |       |       |     1 |       ||     1
 Armour: Robe              |    25 |    83 |    86 |    12 ||   206
         Skin              |       |       |     7 |       ||     7
  Dodge: Dodged            |    36 |   104 |   139 |    16 ||   295
